 Dungeon Crawl Stone Soup version 0.24.0-125-gc4c63601f3 (webtiles) character file.

Game seed: 13621860292462599171, levelgen mode: deterministic

63 Bodigarde the Vexing (level 3, -2/19 HPs)
             Began as a Vampire Enchanter on Mar 17, 2020.
             Was an Initiate of Ru.
             Slain by a goblin
             ... wielding a +0 club
             ... led by Robin
              (3 damage)
             ... on level 3 of the Dungeon on Mar 18, 2020.
             The game lasted 00:12:22 (1841 turns).

Bodigarde the Vexing (Vampire Enchanter)            Turns: 1841, Time: 00:12:26

Health: -2/19      AC:  3    Str:  7    XL:     3   Next: 87%
Magic:  6/6        EV: 13    Int: 17    God:    Ru [......]
Gold:   83         SH:  0    Dex: 15    Spells: 1/7 levels left

rFire    . . .     SeeInvis +   a - +1 dagger
rCold    + + .     Gourm    .   (no shield)
rNeg     + + +     Faith    .   b - +0 robe
rPois    ∞         Spirit   .   l - +0 helmet
rElec    .         Reflect  .   (no cloak)
rCorr    .         Harm     .   (no gloves)
MR       .....                  (no boots)
Stlth    +++++.....             (no amulet)
HPRegen  0.00/turn              (no ring)
MPRegen  0.10/turn              (no ring)

@: bloodless
A: no food, fangs 3, see invisible, unbreathing
a: Bat Form, Revivify, Renounce Religion


You were on level 3 of the Dungeon.
You worshipped Ru.
Ru was noncommittal.
You were bloodless.

You visited 1 branch of the dungeon, and saw 3 of its levels.

You collected 83 gold pieces.

Inventory:

Hand Weapons
 a - a +1 dagger (weapon)
Missiles
 g - 57 stones (quivered)
 m - 15 poisoned darts
Armour
 b - a +0 robe (worn)
 l - a +0 helmet (worn)
Scrolls
 c - a scroll of teleportation {unknown}
 h - a scroll of identify {unknown}
 i - 2 scrolls of blinking
 j - a scroll of magic mapping {unknown}
Potions
 d - a potion of brilliance {unknown}
 e - a potion of curing {unknown}
 f - a potion of flight {unknown}
 k - a potion of haste {unknown}
 n - a potion of invisibility {unknown}


   Skills:
 + Level 0.0 Fighting
 * Level 2.4 Short Blades
 + Level 2.6 Dodging
 + Level 4.8 Stealth
 + Level 2.5 Spellcasting
 + Level 4.9 Hexes
 + Level 0.6 Ice Magic


You had one spell level left.
You knew the following spells:

 Your Spells              Type           Power        Failure   Level  Hunger
a - Corona                Hex            ###....      2%          1    N/A
b - Ensorcelled Hibernat  Hex/Ice        ##....       9%          2    N/A
c - Confuse               Hex            ###.....     8%          3    N/A

Your spell library contained the following spells:

 Spells                   Type           Power        Failure   Level  Hunger
 Tukima's Dance           Hex            ###.....     8%          3    N/A
 Dazzling Spray           Conj/Hex       ##....       21%         3    N/A

Dungeon Overview and Level Annotations

Branches:
Dungeon (3/15)

Altars:
Hepliaklqana
Ru
Yredelemnul

Annotations:
D:3 Robin


Innate Abilities, Weirdness & Mutations

You do not eat.
You do not regenerate when monsters are visible.
You are frail without blood (-20% HP).
You can heal yourself when you bite living creatures.
You are immune to poison.
You have razor-sharp teeth.
You have supernaturally acute eyesight. (SInv)
You can survive without breathing.


Message History

Found a scroll labeled CIORCH YWUUF.
There is a stone staircase leading up here.
The helpless goblin fails to defend itself.
You bite the goblin, and draw its blood!
You impale the goblin!!
You kill the goblin!
The helpless goblin fails to defend itself.
You bite the goblin, and draw its blood!
You impale the goblin!!
You kill the goblin! 2 goblins, 2 hobgoblins and Robin come into view.
Robin is wielding a +0 short sword of distortion.
The goblin shouts! x2; Robin shouts!
The goblin shouts!
The hobgoblin shouts!
The goblin shouts!
The hobgoblin shouts!
The goblin shouts!
Robin hits you with a +0 short sword of distortion!
Space warps horribly around you!
Ouch! That really hurt!
* * * LOW HITPOINT WARNING * * *
The goblin barely misses you. The goblin hits you with a +0 club.
You die...

## >. # .#
###)####.#
.. .g.#g#
#.##.#g##
#..)?@g.#
#.##<#gg#
###gg# ..#


gg. #.#. ...# ## # You could see Robin, 2 hobgoblins and 7 goblins.

Vanquished Creatures
  An adder (D:2)
  2 oozes
  A dart slug (D:2)
  A leopard gecko (D:2)
  3 giant cockroaches
  7 goblins
  2 hobgoblins (D:1)
  4 jackals (D:2)
  8 kobolds
  2 ball pythons (D:1)
  4 bats
  A frilled lizard (D:1)
  2 rats
38 creatures vanquished.

Notes
Turn   | Place    | Note
-------+----------+-------------------------------------------
     0 | D:1      | Bodigarde the Vampire Enchanter began the quest for the
                  | Orb.
     0 | D:1      | Reached XP level 1. HP: 13/13 MP: 3/3
   197 | D:1      | Reached XP level 2. HP: 15/19 MP: 5/5
   346 | D:1      | Learned a level 2 spell: Ensorcelled Hibernation
   978 | D:2      | Reached XP level 3. HP: 17/24 MP: 1/6
  1036 | D:2      | Found a sacrificial altar of Ru.
  1038 | D:2      | Found a hazy altar of Hepliaklqana.
  1049 | D:2      | Became a worshipper of Ru the Awakened
  1094 | D:2      | Found a basalt altar of Yredelemnul.
  1101 | D:2      | Learned a level 3 spell: Confuse
  1841 | D:3      | Noticed Robin
  1841 | D:3      | Slain by a goblin

Levels and vault maps discovered:
D:1:      evilmike_arrival_crescent, layout_rooms
D:2:      layout_basic, old_standard_altar,
          chequers_temple_overflow_statue_of_worship, solitary_fountain
D:3:      layout_basic, lemuel_doored_altar, lemuel_round_altar, uniq_robin,
          uniq_grinder, uniq_jessica

Skill      XL: |  1  2 |
---------------+-------+-----
Short Blades   | 2 |  2.4
Dodging        | |  2.6
Stealth        | |  4.8
Spellcasting   | |  2.5
Hexes          | |  4.9
Ice Magic      | |  0.6

Action                   || total
-------------------------++-------
Melee: Dagger            ||   140
       Bite              ||     8
Throw: Stone             ||    41
 Cast: Ensorcelled Hiber ||    16
       Corona            ||     3
 Abil: Exsanguinate      ||     1
  Use: Scroll            ||     1
 Stab: Sleeping          ||    13
Armor: Robe              ||    20
Dodge: Dodged            ||    90
